 Dungeon Crawl Stone Soup version 0.30-a0-626-gd6a5dd7a1f (webtiles) character file.

Game seed: 13403744256056952181

85346 Dirtsage the Stormcaller (level 15, 0/97 HPs)
             Began as an Octopode Transmuter on Jan 11, 2023.
             Was an Initiate of Gozag.
             Killed by mirror damage (5 damage)
             ... on level 12 of the Dungeon.
             The game lasted 01:26:59 (24749 turns).

Dirtsage the Stormcaller (Octopode Transmuter)     Turns: 24749, Time: 01:26:59

Health: 0/97       AC: 27    Str: 16    XL:     15   Next: 83%
Magic:  6/22       EV: 25    Int: 28    God:    Gozag
Gold:   3467       SH:  0    Dex: 25    Spells: 0/26 levels left

rFire   + . .      SeeInvis +      - Unarmed
rCold   . . .      Faith    .    (shield currently unavailable)
rNeg    . . .      Spirit   .    (helmet currently unavailable)
rPois   ∞          Reflect  .    E - amulet of the acrobat
rElec   +          Harm     .    A - +6 ring of strength
rCorr   +          Rampage  .    R - +6 ring of dexterity
Will    +....                    K - +6 ring of dexterity
Stlth   ++                       S - ring of see invisible
HPRegen 0.36/turn                M - +6 ring of intelligence
MPRegen 0.18/turn                C - ring of resist corrosion
                                 F - ring of protection from fire
                                 (no ring)

@: ice-armoured, storm-form, wereblooded, gold aura, flying
A: cleaving, insubstantial, flying, almost no armour, amphibious, 8 rings,
(camouflage 1), (gelatinous body 1), (nimble swimmer 1), (tentacles), (fire
resistance 1), low MP 1, evolution 1
a: Blinkbolt, End Transformation, Renounce Religion, Potion Petition, Call
Merchant, Bribe Branch


You were on level 12 of the Dungeon.
You worshipped Gozag.
Gozag was most pleased with you.
You were a lightning-filled tempest!
You visited 4 branches of the dungeon, and saw 20 of its levels.
You also visited: Sewer.

You collected 7225 gold pieces.
You spent 1495 gold pieces at shops.
You paid 2263 gold pieces to Gozag.

Inventory:

Hand Weapons
 r - the +8 rapier of the Modern Prophets (melded) {freeze, Str+8 Int+6 Dex-3 Stlth+}
   (You found it on level 3 of the Dungeon)

   Str:       It affects your strength (+8).
   Int:       It affects your intelligence (+6).
   Dex:       It affects your dexterity (-3).
   Stlth:     It makes you more stealthy.
 O - the +3 long sword of Ru, Wizarding {venom, rF+ Int+3 Dex+5}
   (You took it off a kobold on level 2 of the Dungeon)

   Int:       It affects your intelligence (+3).
   Dex:       It affects your dexterity (+5).
   rF:        It protects you from fire.
Armour
 G - a +2 hat of willpower (melded)
Magical Staves
 v - a staff of earth
Jewellery
 u - a ring of fire
 A - a +6 ring of strength (left tentacle)
 C - a ring of resist corrosion (on tentacle)
 E - an amulet of the acrobat (around neck)
 F - a ring of protection from fire (on tentacle)
 K - a +6 ring of dexterity (on tentacle)
 M - a +6 ring of intelligence (on tentacle)
 R - a +6 ring of dexterity (right tentacle)
 S - a ring of see invisible (on tentacle)
 Y - a ring of protection from fire
Wands
 c - a wand of quicksilver (3)
 j - a wand of flame (46)
 y - a wand of mindburst (19)
 D - a wand of digging (5)
 H - a wand of paralysis (4)
 T - a wand of iceblast (5)
Scrolls
 b - a scroll of torment
 f - 5 scrolls of fog
 g - 2 scrolls of fear
 i - 3 scrolls of identify
 k - a scroll of noise
 p - 3 scrolls of magic mapping
 s - 3 scrolls of amnesia
 t - 5 scrolls of teleportation
 B - 4 scrolls of blinking
 I - a scroll of butterflies
 P - a scroll of immolation
 Q - a scroll of enchant weapon {unknown}
 U - a scroll of vulnerability
 W - 2 scrolls of poison
 X - a scroll of silence
Potions
 a - 2 potions of berserk rage
 d - 6 potions of might
 e - 3 potions of attraction
 h - 4 potions of haste
 l - 5 potions of heal wounds
 m - 2 potions of brilliance
 n - 3 potions of resistance
 o - 3 potions of magic {unknown}
 q - 11 potions of curing
 w - 7 potions of flight {unknown}
 x - 3 potions of mutation
 z - 2 potions of lignification
 J - 3 potions of invisibility
 L - a potion of cancellation
 N - 2 potions of ambrosia
Miscellaneous
 V - a lightning rod (4/4)
 Z - a tin of tremorstones (2/2)


   Skills:
 + Level 7.4 Fighting
 + Level 5.9 Dodging
 + Level 9.7 Unarmed Combat
 - Level 6.3 Spellcasting
 - Level 3.2 Conjurations
 * Level 4.0 Translocations
 * Level 14.8 Transmutations
 - Level 8.0 Ice Magic
 * Level 15.2 Air Magic
 - Level 6.5 Evocations


You couldn't memorise any spells.
You knew the following spells:

 Your Spells              Type           Power      Damage    Failure   Level
a - Storm Form            Tmut/Air       37%        N/A       10%         7
b - Manifold Assault      Tloc           31%        N/A       11%         4
c - Wereblood             Tmut           75%        N/A       1%          2
d - Freezing Cloud        Conj/Ice/Air   27%        6-21      4%          5
e - Beastly Appendage     Tmut           100%       N/A       0%          1
f - Ice Form              Ice/Tmut       64%        N/A       1%          4
A - Ozocubu's Armour      Ice            52%        N/A       1%          3

Your spell library contained the following spells:

 Spells                   Type           Power      Damage    Failure   Level
 Freeze                   Ice            100%       1d10      1%          1
 Sting                    Tmut/Pois      100%       1d8       1%          1
 Blink                    Tloc           62%        N/A       1%          2
 Poisonous Vapours        Pois/Air       100%       N/A       1%          2
 Frozen Ramparts          Ice            100%       1d16      1%          3
 Hailstorm                Conj/Ice       40%        3d10      1%          3
 Kindle Blastsparks       Fire/Tloc/Air  90%        2d17      1%          3
 Spider Form              Tmut/Pois      50%        N/A       1%          3
 Blade Hands              Tmut           37%        N/A       1%          5
 Ignite Poison            Fire/Tmut/Pois 36%        N/A       2%          3
 Kiss of Death            Conj/Necr      68%        2d10      3%          1
 Portal Projectile        Hex/Tloc       40%        N/A       8%          3
 Confusing Touch          Hex            8%         N/A       17%         3
 Tukima's Dance           Hex            8%         N/A       17%         3
 Metabolic Englaciation   Hex/Ice        15%        N/A       30%         5
 Dispel Undead            Necr           8%         3d8       50%         4
 Olgreb's Toxic Radiance  Pois           8%         N/A       50%         4
 Ozocubu's Refrigeration  Ice            26%        4d13      88%         7
 Simulacrum               Ice/Necr       Unusable   N/A       N/A         6

Dungeon Overview and Level Annotations

Branches:
Dungeon (12/15)            Temple (1/1) D:4            Lair (5/5) D:9
 Shoals (0/4) Lair:3       Spider (0/4) Lair:2        Slime (0/5) Lair:5
    Orc (2/2) D:11            Elf (0/3) Orc:2         Sewer (visited)

Altars:
Cheibriados
Dithmenos
Fedhas
Gozag
Hepliaklqana
Makhleb
Nemelex Xobeh
Okawaru
Qazlal
Ru
Sif Muna
Trog
Uskayaw
Vehumet
Xom
Yredelemnul
Zin
The Shining One
Jiyva
Lugonu

Shops:
D:6 !   D:8 *[   Orc:2 [**[   Lair:1 *

Portals:
Abyss: Lair:5

Annotations:
Lair:2 3 runed translucent doors, Leeroy's ghost, journeyman DrTm
Lair:5 exclusion: 2 oklob plants


Innate Abilities, Weirdness & Mutations

You are a lightning-filled tempest!
Your electrical attacks strike out in all directions at once.
You are incredibly evasive.
Your insubstantial body is immune to petrification, constriction, and being set on fire You are flying.
You are immune to poison.
Your armour is entirely melded.
You are incapable of wielding weapons or throwing items.
You cannot wear most types of armour.
You are amphibious.
You can wear up to eight rings at the same time.
((Your skin changes colour to match your surroundings (Stealth+).))
((Your rubbery body absorbs attacks. (AC +1, EV +1)))
((You are camouflaged when in or above water. (Stealth+)))
((You have tentacles for arms and can constrict up to eight enemies at once.))
((Your flesh is heat resistant. (rF+)))
Your magical capacity is low. (-10% MP)
You have hidden genetic potential.


Message History

You kill the wizard!
The meliai is no longer distracted by gold.
The meliai is distracted by your dazzling golden aura.
The death knight offers itself to Yredelemnul, and fills with unholy energy.
You regained 2 hp, and now have 67/97 hp.
Casting: Wereblood (safe; 1% risk of failure)
Confirm with . or Enter, or press ? or * to list all spells.
A film of ice covers your body!
The meliai buzzes angrily.
The meliai is no longer distracted by gold.
A white ugly thing comes into view.
The meliai calls down the wrath of its god upon you.
Something smites you! The death knight closely misses you.
You take 16 damage, and have 51/97 hp.
You now have 6/22 mp.
You buffet the death knight!
The death knight is moderately wounded.
The death knight reflects your damage back at you!
The death knight completely misses you.
You take 5 damage, and have 46/97 hp.
You hit the death knight.
Lightning courses through the death knight!
The death knight is heavily wounded.
The death knight reflects your damage back at you!
You take 13 damage, and have 33/97 hp.
You blast the meliai!!!
Lightning courses through the meliai!
You feel a bit better.
You kill the meliai!
You batter the death knight!!
Lightning courses through the death knight!
The death knight reflects your damage back at you!
* * * LOW HITPOINT WARNING * * *
The death knight hits you with a +0 battleaxe!
* * * LOW HITPOINT WARNING * * *
The white ugly thing is distracted by your dazzling golden aura.
You take 30 damage, and have 3/97 hp.
MASSIVE DAMAGE!!
You buffet the death knight!
You feel a bit better.
You kill the death knight!
Your damage is reflected back at you!
You die...
Your body crumbles into a pile of gold.

#.......# #.$$..[.#
#.....$.#
##########.......#
........$$.........
.......$.....######
###$........#
#...$.....#
#.$$$v....#
#u...$....#
.............>.
..#.####.#####.
....#. .# ... #. .#
.# #. .# .#


You could see a white ugly thing.

Vanquished Creatures
  The ghost of initializr the Warrior, a journeyman OgCK of Ashenzari (Orc:1)
  Josephine (Lair:5)
  Fannar (Lair:1)
  4 hydras
  2 ogre magi (Orc:2)
  A death knight (D:12)
  A catoblepas (Lair:4)
  3 boulder beetles
  10 two-headed ogres
  22 death yaks
  Nergalle (Lair:3)
  3 thrashing horrors (Lair:5)
  Amaemon (Lair:1)
  A fire crab (shapeshifter) (Lair:5)
  2 deep trolls (Orc:2)
  A wizard (D:12)
  An orc knight (Orc:2)
  2 deep elf pyromancers
  A manticore (D:12)
  An orc sorcerer (Orc:1)
  4 ugly things (Lair:5)
  8 cyclopes
  13 elephants (Lair:5)
  A moth of wrath (Orc:1)
  A torpor snail (Lair:2)
  7 black mambas
  Joseph (D:7)
  4 cane toads
  A smoke demon (Lair:5)
  An orange demon (Lair:1)
  8 rime drakes
  2 efreet (D:12)
  2 unseen horrors (D:10)
  3 kobold demonologists
  4 komodo dragons
  12 trolls
  A meliai (D:12)
  6 polar bears
  2 ancient zymes (Lair:5)
  8 dream sheep
  30 blink frogs
  A snapping turtle (Lair:3)
  2 spriggans
  34 yaks
  2 ynoxinuls (Lair:5)
  14 wyverns
  4 wraiths
  10 basilisks
  2 steam dragons
  2 chaos spawn (Lair:5)
  A redback (Lair:2)
  2 vampire mosquitoes (D:12)
  Menkaure (D:4)
  7 wargs (Orc:1)
  3 acid dragons
  13 water moccasins
  9 small abominations (Lair:5)
  14 orc warriors
  A large abomination (Lair:5)
  A sky beast (D:7)
  A black bear (Lair:1)
  6 wolves (Lair:2)
  22 ogres
  6 centaurs
  A phantom (D:4)
  2 kobold brigands
  7 bullfrogs
  2 necrophages (D:7)
  2 gnoll sergeants
  5 scorpions
  9 wights
  9 killer bees
  A howler monkey (D:5)
  An electric eel (D:10)
  2 hounds
  3 jellies
  16 orc priests
  4 iguanas
  22 orc wizards
  Natasha (thrice) (D:4)
  7 hell rats
  7 gnolls
  10 adders
  2 river rats (Sewer)
  3 worms
  5 dart slugs
  60 orcs
  4 endoplasms
  11 giant cockroaches
  3 goblins
  12 hobgoblins
  4 jackals (D:3)
  14 kobolds
  A quokka (D:2)
  8 ball pythons
  3 bats
  5 frilled lizards
  14 rats
  2 bushes
601 creatures vanquished.

Vanquished Creatures (others)
  A centaur simulacrum (D:12)
  A golden eye (shapeshifter) (D:12)
  An orc priest (D:9)
  27 fungi
  61 plants
91 creatures vanquished.

Grand Total: 692 creatures vanquished

Notes
Turn   | Place    | Note
-------+----------+-------------------------------------------
     0 | D:1      | Dirtsage the Octopode Transmuter began the quest for the
                  | Orb.
     0 | D:1      | Reached XP level 1. HP: 13/13 MP: 3/3
   130 | D:1      | Reached skill level 1 in Ice Magic
   130 | D:1      | Reached XP level 2. HP: 13/18 MP: 3/5
   264 | D:1      | Found a faded altar of an unknown god.
   706 | D:1      | Reached XP level 3. HP: 23/23 MP: 4/6
   999 | D:2      | Identified the +3 long sword of Ru, Wizarding {venom, rF+
                  | Int+3 Dex+5}
  1214 | D:2      | Reached XP level 4. HP: 28/28 MP: 7/7
  1221 | D:2      | Learned a level 2 spell: Wereblood
  1506 | D:2      | Noticed a scorpion
  1516 | D:2      | Killed a scorpion
  1517 | D:2      | Reached XP level 5. HP: 33/33 MP: 6/8
  2075 | D:3      | Learned a level 4 spell: Ice Form
  2097 | D:3      | Found a glowing drain.
  2138 | Sewer    | Entered a sewer
  2426 | D:3      | Reached XP level 6. HP: 38/38 MP: 9/9
  2751 | D:3      | Identified the +8 rapier of the Modern Prophets {freeze,
                  | Str+8 Int+6 Dex-3 Stlth+}
  2791 | D:3      | Found an opulent altar of Gozag.
  2868 | D:3      | Became a worshipper of Gozag Ym Sagoz the Greedy
  3179 | D:4      | Found a blossoming altar of Fedhas.
  3179 | D:4      | Found a glowing golden altar of the Shining One.
  3206 | D:4      | Reached skill level 5 in Transmutations
  3282 | D:4      | Noticed Natasha
  3290 | D:4      | Killed Natasha
  3364 | D:4      | Found a staircase to the Ecumenical Temple.
  3367 | D:4      | Noticed Menkaure
  3383 | D:4      | Killed Menkaure
  3384 | D:4      | Reached skill level 5 in Ice Magic
  3384 | D:4      | Reached XP level 7. HP: 6/43 MP: 6/10
  3384 | D:4      | Noticed Natasha
  3386 | D:4      | Killed Natasha
  3615 | Temple   | Entered the Ecumenical Temple
  4086 | D:4      | Noticed Natasha
  4093 | D:4      | Killed Natasha
  4221 | D:5      | Entered Level 5 of the Dungeon
  4516 | D:5      | Reached XP level 8. HP: 46/48 MP: 2/11
  4857 | D:5      | Noticed a wyvern
  4861 | D:5      | Killed a wyvern
  5330 | D:6      | Reached skill level 1 in Evocations
  5389 | D:6      | Found Baphian's Distillery.
  5437 | D:6      | Bought a potion of curing for 42 gold pieces
  5437 | D:6      | Bought 2 potions of might for 112 gold pieces
  5437 | D:6      | Bought a potion of haste for 140 gold pieces
  5437 | D:6      | Bought a potion of heal wounds for 70 gold pieces
  6021 | D:7      | Reached XP level 9. HP: 54/54 MP: 9/12
  6214 | D:7      | Noticed Joseph
  6219 | D:7      | Killed Joseph
  6799 | D:7      | Noticed a deep elf pyromancer
  6806 | D:7      | Killed a deep elf pyromancer
  6807 | D:7      | Reached skill level 5 in Unarmed Combat
  6817 | D:7      | Learned a level 3 spell: Ozocubu's Armour
  7260 | D:8      | Found an iron altar of Okawaru.
  7373 | D:8      | Reached XP level 10. HP: 44/63 MP: 13/13
  8107 | D:8      | Found a shadowy altar of Dithmenos.
  8596 | D:9      | Found a staircase to the Lair.
  8596 | D:9      | Noticed a death yak
  8596 | D:9      | Noticed a death yak
  8596 | D:9      | Noticed a death yak
  8596 | D:9      | Noticed a death yak
  8617 | D:9      | Killed a death yak
  8618 | D:9      | Reached skill level 5 in Evocations
  8621 | D:9      | HP: 2/78 [death yak (14)]
  8623 | D:9      | Killed a death yak
  8624 | D:9      | Reached skill level 5 in Fighting
  8900 | D:9      | Found a glowing silver altar of Zin.
  9158 | D:9      | Noticed a death yak
  9181 | D:9      | Killed a death yak
  9229 | D:9      | Noticed a death yak
  9233 | D:9      | Noticed a death yak
  9271 | D:9      | Killed a death yak
  9272 | D:9      | Reached skill level 5 in Dodging
  9272 | D:9      | Reached XP level 11. HP: 69/72 MP: 6/14
  9339 | D:9      | You fall into a shaft and drop 1 floor!
  9339 | D:10     | Entered Level 10 of the Dungeon
  9709 | D:9      | Killed a death yak
  9796 | D:9      | Killed a death yak
  9797 | D:9      | Reached skill level 1 in Air Magic
  9801 | D:9      | Killed a death yak
  9985 | D:9      | Learned a level 5 spell: Freezing Cloud
 10111 | Lair:1   | Entered Level 1 of the Lair of Beasts
 10210 | Lair:1   | Reached skill level 2 in Air Magic
 10440 | Lair:1   | Reached skill level 1 in Conjurations
 10646 | Lair:1   | Reached skill level 3 in Air Magic
 11181 | Lair:1   | Noticed Amaemon
 11205 | Lair:1   | Reached skill level 4 in Air Magic
 11213 | Lair:1   | Killed Amaemon
 11304 | Lair:1   | Reached skill level 5 in Air Magic
 11320 | Lair:1   | Noticed Fannar
 11352 | Lair:1   | Killed Fannar
 11353 | Lair:1   | Reached skill level 5 in Spellcasting
 11353 | Lair:1   | Reached XP level 12. HP: 79/79 MP: 9/19
 11569 | Lair:1   | Reached skill level 6 in Air Magic
 12062 | Lair:1   | Bought 2 glowing orange potions for 45 gold pieces
 12062 | Lair:1   | Bought a scroll labelled HUYTOW OHUHAUD for 25 gold pieces
 12062 | Lair:1   | Bought a lumpy purple potion for 22 gold pieces
 12208 | Lair:2   | Reached skill level 7 in Air Magic
 12211 | Lair:2   | Found a runed translucent gate.
 12662 | Lair:2   | Found a runed translucent gate.
 12662 | Lair:2   | Found a runed translucent gate.
 12664 | Lair:2   | Noticed Leeroy's ghost (journeyman DrTm)
 12727 | Lair:2   | Found a hole to the Spider Nest.
 12799 | Lair:2   | Reached skill level 8 in Air Magic
 13378 | Lair:2   | Found a viscous altar of Jiyva.
 13902 | Lair:3   | Found a staircase to the Shoals.
 13914 | Lair:3   | Reached skill level 9 in Air Magic
 14196 | Lair:3   | Noticed Nergalle
 14222 | Lair:3   | Killed Nergalle
 14587 | Lair:4   | Reached skill level 10 in Air Magic
 14919 | Lair:4   | Noticed a seven-headed hydra
 14935 | Lair:4   | Killed a seven-headed hydra
 14936 | Lair:4   | Reached XP level 13. HP: 83/83 MP: 5/22
 14943 | Lair:4   | Reached skill level 11 in Air Magic
 16202 | Lair:4   | Reached skill level 10 in Transmutations
 16234 | Lair:4   | Reached skill level 12 in Air Magic
 16751 | Lair:4   | Learned a level 7 spell: Storm Form
 16774 | Lair:5   | Entered Level 5 of the Lair of Beasts
 17183 | Lair:5   | Reached XP level 14. HP: 90/90 MP: 17/23
 17426 | Lair:5   | Gained mutation: You have hidden genetic potential.
                  | [mutagenic glow]
 17446 | Lair:5   | Gained mutation: Your magical capacity is low. (-10% MP)
                  | [mutagenic glow]
 17985 | Lair:5   | Reached skill level 13 in Air Magic
 17986 | Lair:5   | Noticed Josephine
 18001 | Lair:5   | Killed Josephine
 18291 | Lair:5   | Found a viscous altar of Jiyva.
 18352 | Lair:5   | Found a staircase to the Slime Pits.
 19856 | Lair:5   | Reached skill level 14 in Air Magic
 19993 | Lair:5   | Found a corrupted altar of Lugonu.
 19993 | Lair:5   | Found a one-way gate to the infinite horrors of the Abyss.
 20402 | D:8      | Bought a scroll of identify for 58 gold pieces
 20402 | D:8      | Bought a ring of protection from fire for 725 gold pieces
 21089 | D:10     | Reached XP level 15. HP: 94/94 MP: 22/22
 21113 | D:10     | Found a snail-covered altar of Cheibriados.
 21411 | D:11     | Found a staircase to the Orcish Mines.
 21419 | D:11     | Reached skill level 1 in Translocations
 21544 | D:11     | Gained mutation: Your flesh is heat resistant. (rF+)
                  | [hidden potential]
 22101 | Orc:1    | Entered Level 1 of the Orcish Mines
 22298 | Orc:2    | Entered Level 2 of the Orcish Mines
 22548 | Orc:2    | Found a staircase to the Elven Halls.
 22622 | Orc:1    | Found a transporter.
 22628 | Orc:1    | Found a transporter.
 22632 | Orc:1    | Noticed initializr's ghost (journeyman OgCK)
 23310 | Orc:1    | Killed initializr's ghost
 23437 | Orc:1    | Learned a level 4 spell: Manifold Assault
 23684 | Orc:2    | Found a burning altar of Makhleb.
 23736 | Orc:2    | Reached skill level 15 in Air Magic
 23894 | Orc:2    | Found Tokir's Antique Armour Boutique.
 23898 | Orc:2    | Found Ikommacaa's Assorted Antiques.
 23917 | Orc:2    | Found Giysaezu's General Store.
 23924 | Orc:2    | Bought a scroll of identify for 62 gold pieces
 23926 | Orc:2    | Found Jol Eror's Antique Armour Shop.
 23930 | Orc:2    | Bought a scroll of identify for 26 gold pieces
 23935 | Orc:2    | Bought an embroidered hat for 168 gold pieces
 24748 | D:12     | HP: 3/97 [death knight/+0 battleaxe (12)]
 24749 | D:12     | Killed by mirror damage

Illustrated notes

Levels and vault maps discovered:
D:1:      dpeg_arrival_pond, layout_loops_ring, chequers_ecumenical_altar_simple
D:2:      minmay_alternating_diamond, layout_basic
D:3:      layout_loops_ring, grunt_gozag_breadcrumbs, gup_sewer_entry_glass
D:4:      layout_basic, gammafunk_temple_overflow_elements,
          minmay_temple_entry_statues_fountains, serial_forest,
          infiniplex_forest_end_2, infiniplex_forest_lined_room_2,
          infiniplex_forest_lined_3, infiniplex_forest_clump_cross,
          infiniplex_forest_straight_3, infiniplex_forest_lined_2,
          infiniplex_forest_pool, infiniplex_forest_diagonal,
          infiniplex_forest_clump_cross, infiniplex_forest_lined_3,
          minmay_misc_feat_diagonals, uniq_natasha, uniq_menkaure
D:5:      layout_cave_pods
D:6:      layout_basic, minmay_misc_feat_room, minmay_shop_grid_forest
D:7:      minmay_spotlight, layout_loops_ring, guppyfry_early_elven_hall,
          uniq_joseph
D:8:      layout_gridville, kennysheep_little_box, okawaru_metal_pillars_3,
          nicolae_wwwww
D:9:      layout_gridville, zin_treasury, dpeg_lair_monsters,
          minmay_misc_feat_five
D:10:     layout_basic, marbit_many_paths
D:11:     layout_cross, david_orc_2
D:12:     layout_small_grid, minivault_28
Temple:   nicolae_temple_superstar
Lair:1:   layout_regular_city, st_stairs_9, cheibrodos_lair_lostbears,
          lemuel_fruit_tree, uniq_fannar, uniq_amaemon
Lair:2:   layout_cave_pods, spider_nest_entry_rubble, gammafunk_ghost_ooze,
          lemuel_fruit_fields
Lair:3:   layout_cave_pods, minmay_shoals_entry_hut, lemuel_fruit_fields,
          uniq_nergalle
Lair:4:   nzn_winding_woodlands_small [nzn_winding_woodlands_5x15_cabin,
          nzn_winding_woodlands_center_triple_pond,
          nzn_winding_woodlands_5x15_pathside_ponds], layout_gridlike,
          special_room [special_room_mythical_zoo],
          chequers_serial_rivers_micro_b, grunt_forest_large_clearing_hut,
          infiniplex_staircase_pool_2, serial_bayou_shore_a
Lair:5:   hellmonk_lair_end_abyssal_woods, layout_cave_pods,
          minmay_slime_entry_oklob_enclosed, grunt_megastairs_1,
          infiniplex_staircase_pool, uniq_josephine
Orc:1:    layout_caves, gammafunk_ghost_berserking_beasts, minmay_orc_temple_a
Orc:2:    st_orc_open, layout_caves, bloody_makhleb

Skill      XL: |  1  2  3  4  5  6  7  8  9 10 11 12 13 14 15 |
---------------+----------------------------------------------+-----
Ice Magic      | 1 2 3 5 6 7 8 |  8.0
Transmutations | 3 4 5 6 7 8 11 13 14 | 14.8
Evocations     | 2 4 6 |  6.5
Fighting       | 2 4 5 6 7 |  7.4
Unarmed Combat | 5 8 9 |  9.7
Dodging        | 3 5 |  5.9
Air Magic      | 5 10 12 14 15 | 15.2
Spellcasting   | 5 6 |  6.3
Conjurations   | 3 |  3.2
Translocations | 4 |  4.0

Action                   |  1- 3 |  4- 6 |  7- 9 | 10-12 | 13-15 || total
-------------------------+-------+-------+-------+-------+-------++-------
Melee: Unarmed           |    72 |   120 |   179 |   441 |   589 ||  1401
       Constrict         |    19 |    34 |     9 |     1 |     2 ||    65
       Tentacles         |    10 |    31 |     9 |     2 |     2 ||    54
       Kick              |    11 |    31 |       |       |       ||    42
       Punch             |     2 |     2 |       |       |    23 ||    27
       Rapier            |       |    23 |    41 |     5 |     9 ||    78
 Cast: Beastly Appendage |    16 |    13 |       |       |       ||    29
       Wereblood         |       |     3 |     8 |    10 |    26 ||    47
       Ice Form          |       |     1 |    22 |    43 |    28 ||    94
       Ozocubu's Armour  |       |       |       |    26 |    18 ||    44
       Freezing Cloud    |       |       |       |     9 |    34 ||    43
       Storm Form        |       |       |       |       |    35 ||    35
       Manifold Assault  |       |       |       |       |     4 ||     4
Invok: Call Merchant     |       |       |       |     1 |     2 ||     3
 Abil: Blinkbolt         |       |       |       |       |     1 ||     1
Evoke: Wand              |       |       |     2 |    11 |       ||    13
  Use: Potion            |     1 |     3 |       |     3 |       ||     7
       Scroll            |       |       |     9 |     3 |     8 ||    20
 Stab: Sleeping          |     8 |     3 |     3 |       |       ||    14
       Distracted        |       |       |       |     1 |     4 ||     5
       Paralysed         |       |       |       |     2 |       ||     2
Armor: Skin              |    15 |     9 |    47 |   144 |    90 ||   305
Dodge: Dodged            |    34 |    63 |    59 |   245 |   390 ||   791

Table legend: (Time is in decaauts)
 A = Elapsed time spent in this place.
 B = Non-inter-level travel time spent in this place.
 C = Inter-level travel time spent in this place.
 D = Time resting spent in this place.
 E = Time spent auto-exploring this place.
 F = Levels seen in this place.
 G = Mean time per level.
                   A        B        C        D        E       F      G
               +--------+--------+--------+--------+--------+-----+--------+
         Total |  24548 |  23393 |   1155 |   2035 |  17159 |  21 | 1169.0 |
       Dungeon |  12161 |  11388 |    773 |    426 |   9034 |  12 | 1013.4 |
        Temple |     73 |     62 |     11 |      0 |     53 |   1 |   73.0 |
          Lair |  10092 |   9809 |    283 |   1488 |   6518 |   5 | 2018.4 |
  Orcish Mines |   1995 |   1908 |     87 |    121 |   1382 |   2 |  997.5 |
         Sewer |    224 |    224 |      0 |      0 |    172 |   1 |  224.0 |
               +--------+--------+--------+--------+--------+-----+--------+

Top non-repeatable levels by time:
  Lair:5: 3384 daAuts
  Lair:4: 2152 daAuts
  Lair:1: 2007 daAuts
     D:9: 1708 daAuts
  Lair:2: 1287 daAuts
  Lair:3: 1261 daAuts
     D:8: 1234 daAuts
     D:4: 1201 daAuts
     D:7: 1152 daAuts
   Orc:1: 1104 daAuts
     D:2: 1099 daAuts
     D:3: 902 daAuts
   Orc:2: 890 daAuts
     D:5: 890 daAuts
    D:10: 871 daAuts
